 Dungeon Crawl Stone Soup version 0.31-a0-986-g5e6e4ef867 (webtiles) character file.

Game seed: 10199452724049536437

383 dialectric the Cudgeller (level 6, 0/48 HPs)
             Began as a Demonspawn Berserker on Nov 17, 2023.
             Was a Priest of Trog.
             Succumbed to a scorpion's poison
             ... on level 4 of the Dungeon.
             The game lasted 00:03:45 (2897 turns).

dialectric the Cudgeller (Demonspawn Berserker)     Turns: 2897, Time: 00:03:46

Health: 0/48       AC:  7    Str: 19    XL:     6   Next: 47%
Magic:  6/6        EV: 10    Int:  8    God:    Trog [***...]
Gold:   207        SH:  0    Dex: 13    Spells: 5/5 levels left

rFire   . . .        a - +0 mace
rCold   . . .        (no shield)
rNeg    . . .        r - +0 scale mail
rPois   .            (helmet restricted)
rElec   .            i - scarf {shadows}
rCorr   .            (no gloves)
SInv    .            n - +0 pair of boots
Will    .....        f - amulet of faith Stlth
                     (no ring)
HPRegen 0.28/turn    (no ring)
MPRegen 0.10/turn

%: faith
@: lethally poisoned (0 -> -12)
A: antennae 1, spiny 2
a: Renounce Religion, Berserk, Trog's Hand


You were on level 4 of the Dungeon.
You worshipped Trog.
Trog was most pleased with you.
You visited 1 branch of the dungeon, and saw 5 of its levels.

You collected 207 gold pieces.

Inventory:

Hand Weapons
 a - a +0 mace (weapon)
Missiles
 t - 4 throwing nets
 y - 10 poisoned darts
Armour
 b - a +0 animal skin
 e - a +0 buckler
 i - a scarf of shadows (worn)
 n - a +0 pair of boots (worn)
 r - a +0 scale mail (worn)
Jewellery
 f - an amulet of faith (around neck)
 j - a ring of protection from cold
 s - a +6 ring of strength
Talismans
 o - a beast talisman
 C - a dragon-blood talisman
 E - a flux talisman
Scrolls
 d - a scroll of teleportation
 g - a scroll of blinking {unknown}
 h - a scroll of vulnerability {unknown}
 k - a scroll of torment {unknown}
 m - a scroll of noise {unknown}
 q - 2 scrolls of amnesia {unknown}
 v - 3 scrolls of identify {unknown}
 x - a scroll of immolation {unknown}
 B - a scroll of fog {unknown}
 D - a scroll of poison {unknown}
Potions
 c - a potion of berserk rage {unknown}
 l - a potion of might {unknown}
 p - 2 potions of enlightenment
 u - a potion of mutation {unknown}
 w - 2 potions of haste {unknown}
 z - a potion of attraction {unknown}
 A - a potion of curing {unknown}


   Skills:
 + Level 3.9 Fighting
 + Level 4.7 Maces & Flails
 * Level 3.0 Armour
 + Level 2.9 Dodging
 + Level 1.8 Stealth


You had 5 spell levels left.
You didn't know any spells.
Your spell library was empty.

Dungeon Overview and Level Annotations

Branches:
Dungeon (5/15)
 Temple: D:4-7

Altars:
Kikubaaqudgha
Okawaru

Shops:
D:1 !


Innate Abilities, Weirdness & Mutations

You have a pair of small antennae on your head.
You are mostly covered in sharp spines.


Message History

Trog accepts your kill.
You hit the scorpion.
The scorpion is moderately wounded.
You feel very sick. The scorpion stings you. The scorpion barely misses you.
You hit the scorpion but do no damage.
The scorpion is moderately wounded.
You feel sick. The scorpion stings you.
You are more poisoned.
The scorpion poisons you!
You hit the scorpion.
The scorpion is heavily wounded.
You feel very sick. The scorpion barely misses you.
Unknown command.
You hit the scorpion.
The scorpion is severely wounded.
You feel very sick. The scorpion misses you. The scorpion stings you.
You are lethally poisoned!
The scorpion poisons you!
You closely miss the scorpion.
The scorpion is severely wounded.
* * * LOW HITPOINT WARNING * * *
You feel very sick. The scorpion is struck by your spines.
The scorpion stings you.
* * * LOW HITPOINT WARNING * * *
You are too injured to fight recklessly!
Unknown command.
You barely miss the scorpion.
The scorpion is severely wounded.
* * * LOW HITPOINT WARNING * * *
You feel very sick. The scorpion stings you.
* * * LOW HITPOINT WARNING * * *
The scorpion is struck by your spines.
The scorpion stings you but does no damage.
You closely miss the scorpion.
The scorpion is almost dead.
You die...

#..... #....#
#....# #....# .#
#<...# .#
####.$s.# .#
.....>@^# .#
####....#.###.#
#
#.....).<#{#..#.
##.#............
#.#....#.8.8.8.
#.#...........(
#.#...#.#().#(#
#.#....(......(
#...#. #.#(#.


You could see a scorpion.

Vanquished Creatures
  An ogre (D:4)
  A phantom (D:3)
  A kobold brigand (D:4)
  An iguana (D:4)
  3 gnolls (D:3)
  3 adders (D:3)
  2 worms
  2 dart slugs
  8 ball pythons
  4 bats
  6 endoplasms
  3 giant cockroaches
  3 goblins
  7 hobgoblins
  6 jackals
  2 kobolds (D:1)
  5 quokkas (D:1)
  2 frilled lizards (D:3)
  7 rats
67 creatures vanquished.

Notes
Turn   | Place    | Note
-------+----------+-------------------------------------------
     0 | D:1      | dialectric the Demonspawn Berserker began the quest for the
                  | Orb.
     0 | D:1      | Reached XP level 1. HP: 18/18 MP: 1/1
   246 | D:1      | Found Iwuew's Distillery.
   281 | D:1      | Discovered your monstrous ancestry.
   281 | D:1      | Gained mutation: You have a pair of small antennae on your
                  | head. [demonic ancestry]
   281 | D:1      | Reached XP level 2. HP: 18/24 MP: 2/2
   355 | D:1      | Reached skill level 3 in Maces & Flails
   891 | D:1      | Reached ** piety under Trog
   892 | D:1      | Reached XP level 3. HP: 22/29 MP: 3/3
  1829 | D:3      | You fall into a shaft and drop 2 floors!
  1829 | D:5      | Entered Level 5 of the Dungeon
  1851 | D:4      | Found an iron altar of Okawaru.
  1862 | D:4      | Gained mutation: You are partially covered in sharp spines.
                  | [demonic ancestry]
  1862 | D:4      | Reached XP level 4. HP: 10/36 MP: 4/4
  2198 | D:3      | Noticed a phantom
  2207 | D:3      | Killed a phantom
  2208 | D:3      | Reached skill level 4 in Maces & Flails
  2208 | D:3      | Reached skill level 1 in Stealth
  2208 | D:3      | Gained mutation: You are mostly covered in sharp spines.
                  | [demonic ancestry]
  2208 | D:3      | Reached XP level 5. HP: 42/42 MP: 5/5
  2360 | D:3      | Reached *** piety under Trog
  2528 | D:4      | Found the +6 shillelagh "Devastator" {shatter}
  2529 | D:4      | Noticed an ogre
  2529 | D:4      | Noticed an ogre
  2529 | D:4      | Noticed an ogre
  2692 | D:4      | HP: 2/42 [ogre/+0 giant spiked club (17)]
  2699 | D:4      | Killed an ogre
  2700 | D:4      | Reached XP level 6. HP: 43/48 MP: 6/6
  2812 | D:4      | Found an ancient bone altar of Kikubaaqudgha.
  2897 | D:4      | Succumbed to a scorpion's poison

Illustrated notes

Levels and vault maps discovered:
D:1:      psy_arrival_basics, layout_basic, serial_shops,
          nicolae_shop_behind_doors, minmay_shallow_snake_nest
D:2:      layout_loops_ring
D:3:      layout_rooms
D:4:      layout_basic, okawaru_metal_pillars_1_2, kennysheep_mini,
          gammafunk_ghost_icy, nrook_mini_vaults, kennysheep_decorative_pillar,
          reono_crystal_passage, dilly_guarded_unrand_devastator
D:5:      layout_basic, minmay_temple_entry_enclosed_plants,
          kennysheep_generic_room_9

Skill      XL: |  1  2  3  4  5  6 |
---------------+-------------------+-----
Dodging        | 2 |  2.9
Maces & Flails | 3 4 |  4.7
Armour         | 2 3 |  3.0
Stealth        | 1 |  1.8
Fighting       | |  3.9

Action                     |  1- 3 |  4- 6 || total
---------------------------+-------+-------++-------
  Melee: Mace              |   119 |    74 ||   193
 Invoke: Berserk           |     1 |     2 ||     3
    Use: Potion            |       |     2 ||     2
         Scroll            |       |     1 ||     1
   Stab: Sleeping          |     2 |     2 ||     4
 Armour: Animal skin       |    70 |    29 ||    99
         Scale mail        |       |     9 ||     9
  Dodge: Dodged            |    82 |    42 ||   124

Table legend: (Time is in decaauts)
 A = Elapsed time spent in this place.
 B = Non-inter-level travel time spent in this place.
 C = Inter-level travel time spent in this place.
 D = Time resting spent in this place.
 E = Time spent auto-exploring this place.
 F = Levels seen in this place.
 G = Mean time per level.
                   A        B        C        D        E       F      G
               +--------+--------+--------+--------+--------+-----+--------+
         Total |   2964 |   2833 |    131 |    115 |   2081 |   5 |  592.8 |
       Dungeon |   2964 |   2833 |    131 |    115 |   2081 |   5 |  592.8 |
               +--------+--------+--------+--------+--------+-----+--------+

Top non-repeatable levels by time:
     D:1: 1040 daAuts
     D:2: 843 daAuts
     D:3: 769 daAuts
     D:4: 306 daAuts
     D:5: 4 daAuts
